[Event "Late-Titled-Tuesday-Blitz-October-10-2023"]
[Site "Chess.com"]
[Date "2023.10.10"]
[Round "1"]
[White "GP9isback23"]
[Black "Walter_White_Poland"]
[Result "0-1"]
[WhiteElo "2612"]
[BlackElo "2327"]
[TimeControl "180+1"]
[EndTime "14:07:33 PDT"]
[Termination "Walter_White_Poland won by resignation"]

1. Nf3 d5 2. d4 Bf5 3. c4 e6 4.
Nc3 c6 5. e3 Nf6 6. Bd3 Bg6 7.
O-O Nbd7 8. b3 Bd6 9. Bb2 O-O 10. Rc1 Ne4 11. Qc2 f5 12. Nd2 Qh4 13. f4 Ndf6 14. Nf3 Qh6 15. Rfe1 Bh5 16. Bxe4 fxe4 17. Ne5 g5 18. g3 Kh8 19. Nd1 Bxd1 20. Rcxd1 gxf4 21. exf4 Rae8 22. Qe2 Re7 23. Rf1 Rg7 24. Rf2 Rfg8 25. Rg2 Nh5 26. Rf1 Nf6 27. Bc1 Qh3 28.
Be3 Ng4 29. Nxg4 Rxg4 30. Qf2 Rf8 31. Qe2 Rf5 32. Qd2 Qh5 33. Qd1 Qg6 34. Qc2 h5 35. Kf2 h4 36. Rfg1 h3 37. Ke1 hxg2 38. Qxg2 Qh5 39. h3 Rg8 40. g4 Qh7 41. Qd2 Rff8 42. Kd1 Qxh3 43. Kc2 Rxg4 44. Rf1 Rg2 45. Rf2 Rxf2 46.
Qxf2 Rg8 0-1

[Event "Late-Titled-Tuesday-Blitz-October-10-2023"]
[Site "Chess.com"]
[Date "2023.10.10"]
[Round "1"]
[White "Tonychess32"]
[Black "Fandorine"]
[Result "0-1"]
[WhiteElo "2496"]
[BlackElo "2929"]
[TimeControl "180+1"]
[EndTime "14:07:34 PDT"]
[Termination "Fandorine won by resignation"]

1. e4 c5 2. Nf3 g6 3. c3 d5 4. exd5 Qxd5 5. d4 Bg7 6. Be2 Nf6 7. Be3 cxd4 8. Qxd4 Nc6 9. Qxd5 Nxd5 10. Bd2 O-O 11. O-O Rd8 12. Na3 Bg4 13. h3 Bf5 14. Rfd1 Rac8 15.
Be1 Nf4 16. Bf1 Nd3 17. Bxd3 Bxd3 18. Nb1 e5 19. Rc1 e4 20. Nh2 f5 21. Na3 b5 22.
Nc2 a5 23. Nf1 b4 24. Nce3 f4 25. Ng4 h5 26. Ngh2 g5 27. Rd1 a4 28. Rac1 b3 29.
axb3 axb3 30. Ra1 Ne5 31. Nd2 Bc2 32. Rdc1 Nd3 33. Nhf1 Nxc1 34. Rxc1 g4 35. hxg4 hxg4 36. g3 Bh6 37. gxf4 Bxf4 38. Ne3 Bxe3 39. fxe3 Ra8 40. Kf2 Ra2 41. Nc4 Bd3 42. Ne5 Rxb2+ 43. Kg3 Rc2 44. Rd1 b2 45. Nxg4 Rc1 0-1

[Event "Late-Titled-Tuesday-Blitz-October-10-2023"]
[Site "Chess.com"]
[Date "2023.10.10"]
[Round "1"]
[White "Kostukov_Alex"]
[Black "Alex_Sahakyan2006"]
[Result "0-1"]
[WhiteElo "2398"]
[BlackElo "2719"]
[TimeControl "180+1"]
[EndTime "14:07:36 PDT"]
[Termination "Alex_Sahakyan2006 won by resignation"]

1. g3 h5 2. Nf3 e6 3. d4 c5 4. dxc5 Bxc5 5. Bg2 Nc6 6. c4 h4 7. O-O hxg3 8. hxg3 Nh6 9. Nc3 Nf5 10. Ne4 Be7 11. c5 d5 12. cxd6 Nxd6 13. Nxd6+ Qxd6 14. Bf4 Qxd1 15. Rfxd1 f6 16. Bd6 e5 17. Bxe7 Kxe7 18. a3 Bg4 19. Kf1 Rad8 20. Nh4 Rhe8 21. Be4 g5 22.
Nf5+ Bxf5 23. Bxf5 Nd4 24. Be4 b6 25. e3 Nb3 26. Bc6 Nxa1 27. Rxa1 Rh8 28. b4 Rd2 29. b5 f5 30. Kg2 e4 31. a4 Kd6 32. a5 f4 33.
gxf4 gxf4 34. axb6 axb6 35. exf4 e3 36. Kf3 exf2 37.
Rf1 Rh3+ 38. Ke4 Rb3 39. Kf5 Ke7 40. Kg4 Re3 41. f5 Kf6 42. Kf4 Re1 43. Bg2 Re5 44. Be4 Rd4 45. Rxf2 Rexe4+ 46. Kg3 Rg4+ 0-1

[Event "Late-Titled-Tuesday-Blitz-October-10-2023"]
[Site "Chess.com"]
[Date "2023.10.10"]
[Round "1"]
[White "Xqswdc"]
[Black "Lion-Al-Messi"]
[Result "0-1"]
[WhiteElo "2324"]
[BlackElo "2637"]
[TimeControl "180+1"]
[EndTime "14:07:37 PDT"]
[Termination "Lion-Al-Messi won by resignation"]

1. e4 c5 2. Nc3 e6 3. Nge2 a6 4. g3 b5 5. Bg2 Bb7 6. d4 cxd4 7. Nxd4 b4 8. Na4 Nf6 9. O-O Bxe4 10. Bxe4 Nxe4 11.
c4 Be7 12. Qf3 f5 13. Nxf5 exf5 14. Qxf5 Nf6 15. Bg5 Nc6 16. Rad1 O-O 17. Rfe1 Kh8 18. b3 Qc7 19. Bxf6 Rxf6 20. Qxd7 Qxd7 21. Rxd7 Bf8 22. Nb6 Rb8 23. Nd5 Rd6 24. Rxd6 Bxd6 25. Re6 Rd8 26. c5 Bf8 27. Rxc6 Rxd5 28. Rc8 Kg8 29. c6 Rc5 30. c7 Kf7 31. Kg2 a5 32. Kf3 Bd6 33. Ke4 Rxc7 34. Ra8 Re7+ 35. Kd3 Bc7 36. h4 Rd7+ 37. Ke2 h5 38. Ra6 Re7+ 39. Kd3 g6 40.
Kd2 Rd7+ 41. Ke2 Rd6 42. Ra8 Re6+ 43. Kd3 Kf6 44. Ra7 Rd6+ 45. Ke2 Rc6 46. Kd3 Kf5 47. Ke3 Bb6+ 0-1

[Event "Late-Titled-Tuesday-Blitz-October-10-2023"]
[Site "Chess.com"]
[Date "2023.10.10"]
[Round "1"]
[White "FaustinoOro"]
[Black "adricalderon8"]
[Result "0-1"]
[WhiteElo "2885"]
[BlackElo "2505"]
[TimeControl "180+1"]
[EndTime "14:07:38 PDT"]
[Termination "adricalderon8 won by resignation"]

1. e4 c5 2. Nf3 d6 3. Bc4 g6 4. O-O Bg7 5. c3 e6 6. d4 cxd4 7. cxd4 Ne7 8. Nc3 O-O 9. Bg5 h6 10. Bh4 Nbc6 11. Qd2 g5 12. Bg3 g4 13. Nh4 Nxd4 14.
Rad1 Nec6 15. Nb5 Nxb5 16. Bxb5 Nd4 17. Bd3 Bd7 18. Rfe1 Bc6 19. Bb1 Qg5 20. Qb4 f5 21. exf5 exf5 22. Rxd4 Bxd4 23. Qxd4 f4 24. Qxd6 fxg3 25.
hxg3 Qf6 26. Qc5 Rae8 27. Rd1 Re2 28. Nf5 Re5 29. Qxa7 Rxf5 30. Bxf5 Qxf5 31. Qe3 Qe4 32. Qxe4 Bxe4 33. Rd4 Re8 34. a4 Kg7 35. b4 Kf6 36.
Rd7 Re7 37. Rd8 Bc2 38. a5 Re1+ 39. Kh2 Rb1 40. Rd6+ Ke5 41. Rb6 Be4 42. b5 Rf1 43. a6 bxa6 44. bxa6 Rxf2 45. Rb5+ Bd5 46. Kg1 Rxg2+ 47.
Kf1 Ra2 48. Rb6 Ke4 49. Rxh6 Kf3 50. Ke1 Kxg3 51. Rd6 Bf3 0-1

[Event "Late-Titled-Tuesday-Blitz-October-10-2023"]
[Site "Chess.com"]
[Date "2023.10.10"]
[Round "1"]
[White "sergoy"]
[Black "rdarruda"]
[Result "1-0"]
[WhiteElo "2988"]
[BlackElo "2502"]
[TimeControl "180+1"]
[EndTime "14:07:39 PDT"]
[Termination "sergoy won on time"]

1. d4 Nf6 2. c4 e5 3. dxe5 Ne4 4. Nf3 Nc6 5. Nbd2 Nc5 6. g3 d6 7.
exd6 Qxd6 8. Bg2 Be7 9. O-O Bf5 10. e4 Nxe4 11. Nh4 Bxh4 12. Nxe4 Qxd1 13. Rxd1 Be7 14. Bf4 Rc8 15. Nc3 O-O 16. Nd5 Bd8 17. b4 Ne7 18. Ne3 c6 19. Nxf5 Nxf5 20. Bh3 g6 21. Bxf5 gxf5 22.
Rd7 Bf6 23. Re1 Bc3 24. Rb1 b5 25. cxb5 cxb5 26. Rxa7 Ra8 27. Rc7 Bd4 28. Rc2 Rfc8 29. Re2 Rc4 30. Kg2 Bc3 31. Rc2 Rxb4 32. Rbc1 Bd4 33.
Bh6 Rc4 34. Rxc4 bxc4 35. Rxc4 Bg7 36. Be3 Ra3 37. Bc1 Ra6 38. a4 Be5 39. Bd2 Kg7 40. a5 Kf6 41. h4 Ke6 42. Rc5 Ra7 43. Rb5 Bd4 44. Kf3 h5 45. Be3 Bxe3 46. Kxe3 Rc7 47.
a6 Rc3+ 48. Kd4 Ra3 49. Rb6+ Ke7 50. Ke5 Ra2 51. Rb7+ Ke8 52. a7 1-0

[Event "Late-Titled-Tuesday-Blitz-October-10-2023"]
[Site "Chess.com"]
[Date "2023.10.10"]
[Round "1"]
[White "IngOscarArdila"]
[Black "FontVella8"]
[Result "0-1"]
[WhiteElo "2321"]
[BlackElo "2635"]
[TimeControl "180+1"]
[EndTime "14:07:40 PDT"]
[Termination "FontVella8 won by resignation"]

1. d4 d5 2. c4 e6 3. Nc3 Nf6 4.
Bg5 Be7 5. Nf3 h6 6. Bh4 O-O 7. e3 b6 8. Be2 Bb7 9. O-O Nbd7 10. Rc1 a6 11. a3 dxc4 12. Bxc4 b5 13. Be2 c5 14. dxc5 Nxc5 15. b4 Nce4 16. Nxe4 Nxe4 17. Bxe7 Qxe7 18. Qb3 Bd5 19. Qb2 Rfd8 20. Nd4 Rac8 21. f3 Nd6 22. Rxc8 Rxc8 23. Rc1 Rxc1+ 24. Qxc1 e5 25. Nc2 Bc4 26. Qd2 Bxe2 27. Qxe2 Nc4 28. Qd3 g6 29. a4 Nb2 30. Qd5 Nxa4 31. Qa8+ Kg7 32. Qxa6 Qd7 33. Ne1 Qd2 34. Kf1 Nc3 35. Qa1 Qe2+ 36. Kg1 Qxe3+ 37. Kh1 Qe2 38. h3 Nd1 39.
Kh2 Qxe1 40. Qa8 Qe3 41. Qd8 Nf2 42. Qd5 Nd3 43. Qxb5 Nf4 44. Qf1 Qb3 45. b5 Qb2 46. Kh1 h5 47. g3 Ne2 48. Qe1 Qxb5 49. Kh2 Nd4 50. Qe4 Qe2+ 51. Kg1 Nxf3+ 0-1

[Event "Late-Titled-Tuesday-Blitz-October-10-2023"]
[Site "Chess.com"]
[Date "2023.10.10"]
[Round "1"]
[White "nicholas_ilic"]
[Black "sergeikim"]
[Result "1-0"]
[WhiteElo "2305"]
[BlackElo "2604"]
[TimeControl "180+1"]
[EndTime "14:07:42 PDT"]
[Termination "nicholas_ilic won by resignation"]

1. e4 e5 2. Nf3 Nc6 3. Bb5 a6 4.
Bxc6 dxc6 5. h3 f6 6. d3 Ne7 7.
Nc3 Ng6 8. O-O Be7 9. Be3 O-O 10.
d4 Be6 11. Qd2 Bf7 12. Rad1 exd4 13. Nxd4 Re8 14. a3 Bf8 15. Rfe1 Ne5 16. Qe2 Qc8 17. Bc1 Nc4 18. f4 c5 19. Nf3 b6 20. Qf2 Qb7 21. b3 Nd6 22. e5 fxe5 23. fxe5 Nb5 24. Nxb5 axb5 25. Ng5 Bg6 26. Rd7 Qc6 27. Qd2 h6 28. Nf3 Bf5 29. e6 Bxe6 30. Ne5 Qb7 31. Rd3 Bd6 32.
Bb2 Rad8 33. Qf2 Bf8 34. Rg3 Qd5 35. Ng6 Bd6 36. Nf4 Bf8 37. Nxd5 Bxd5 38. Rxe8 Rxe8 39. Qf4 g5 40. Qf6 Re6 41. Qh8+ Kf7 42. Qh7+ Ke8 43.
Qxc7 Bd6 44. Qc8+ Ke7 45. Rd3 Be4 46. Rxd6 Rxd6 47. Qc7+ Ke6 48. Qg7 Rd2 49. Qe5+ Kd7 50. Qxe4 1-0

[Event "Late-Titled-Tuesday-Blitz-October-10-2023"]
[Site "Chess.com"]
[Date "2023.10.10"]
[Round "1"]
[White "SCIM"]
[Black "Verony64"]
[Result "1-0"]
[WhiteElo "2576"]
[BlackElo "2202"]
[TimeControl "180+1"]
[EndTime "14:07:43 PDT"]
[Termination "SCIM won by checkmate"]

1. e4 e5 2. Nf3 d6 3. d4 Nd7 4.
Nc3 c6 5. Bc4 Be7 6. O-O Ngf6 7.
a4 O-O 8. Re1 Qc7 9. Ba2 a5 10. Bg5 b6 11. Qd2 Ba6 12. Rad1 exd4 13. Nxd4 g6 14. Kh1 Rad8 15. f4 Nc5 16. f5 Ng4 17. Bxe7 Qxe7 18. Nxc6 Qh4 19. g3 Qh5 20.
Nxd8 Rxd8 21. Nd5 Bb7 22. Qe2 Nxe4 23. Qg2 Nef2+ 24. Kg1 Nxd1 25. Rxd1 Bxd5 26. Bxd5 Ne3 27. Bxf7+ Kxf7 28. Qb7+ Kf6 29. Re1 Nxf5 30. Qxb6 Rd7 31. Qxa5 Qf3 32. Qb4 Kf7 33. Rf1 Qe3+ 34. Kh1 Kg7 35.
a5 Rf7 36. Qc4 Qe5 37. a6 d5 38. Qd3 Ne3 39. Rxf7+ Kxf7 40. a7 Qe8 41. Qe2 d4 42. Qf3+ Kg7 43. a8=Q Qe7 44. Qfb7 Qf7 45. Qxf7+ Kxf7 46. Qb7+ Kf6 47. Qe4 Kg5 48. Qf4+ Kh5 49. Qh4# 1-0

[Event "Late-Titled-Tuesday-Blitz-October-10-2023"]
[Site "Chess.com"]
[Date "2023.10.10"]
[Round "1"]
[White "AsadliVugar"]
[Black "Mikhal867"]
[Result "0-1"]
[WhiteElo "2858"]
[BlackElo "2468"]
[TimeControl "180+1"]
[EndTime "14:07:45 PDT"]
[Termination "Mikhal867 won by resignation"]

1. e4 g6 2. d4 Bg7 3. Nc3 d6 4. h3 a6 5. Nf3 b5 6. Be3 Bb7 7. Bd3 Nd7 8. Ne2 c5 9. c3 Ngf6 10. Ng3 O-O 11. O-O e5 12. d5 c4 13. Bc2 Ne8 14. a4 Qc7 15. Qe2 Nc5 16. axb5 axb5 17. Rxa8 Bxa8 18. Ra1 Bb7 19. Nh2 Nf6 20. Ng4 Ra8 21.
Rxa8+ Bxa8 22. h4 h5 23. Nxf6+ Bxf6 24. Bg5 Qd8 25. Qe3 Bb7 26. Bd1 Bxg5 27. hxg5 Bc8 28. Bxh5 gxh5 29. Nxh5 Nd7 30. Qg3 Kf8 31. Qh4 Bb7 32. Ng3 Ke8 33. Nf5 Nf8 34. f3 Kd7 35. Qf2 Kc7 36. Qe3 Nd7 37. g3 Nc5 38. f4 exf4 39. gxf4 Bc8 40. Nd4 Kb6 41. e5 dxe5 42.
Qxe5 Qc7 43. d6 Qa7 44. d7 Qa1+ 45. Kf2 Qxb2+ 46. Kf3 Qxc3+ 47. Kg2 Qd2+ 48. Kg3 Qd3+ 49. Kh4 Qh7+ 50. Kg3 Qd3+ 51. Kh4 Nxd7 52. Qe6+ fxe6 0-1

[Event "Late-Titled-Tuesday-Blitz-October-10-2023"]
[Site "Chess.com"]
[Date "2023.10.10"]
[Round "1"]
[White "Rutricks"]
[Black "tylityli"]
[Result "1-0"]
[WhiteElo "2670"]
[BlackElo "2343"]
[TimeControl "180+1"]
[EndTime "14:07:46 PDT"]
[Termination "Rutricks won by resignation"]

1. Nf3 Nf6 2. b3 b5 3. Bb2 e6 4. g3 Bb7 5. Bg2 Be7 6. O-O O-O 7.
d3 d6 8. e4 Nbd7 9. Qe2 c5 10.
a4 a6 11. Nc3 Qb6 12. a5 Qc7 13. h3 Rac8 14. Kh2 c4 15. bxc4 bxc4 16. d4 e5 17. d5 Nc5 18. Nd2 Ncd7 19. Ra4 Nc5 20. Ra2 Ncd7 21.
Rfa1 g6 22. Ra4 Nh5 23. Rxc4 Qd8 24. Rxc8 Bxc8 25. Nb3 Qc7 26. Ra4 Nc5 27. Rc4 Bd7 28. Nxc5 dxc5 29. d6 Bxd6 30. Nd5 Qxa5 31. Bf3 Bb5 32.
Bxh5 Bxc4 33. Qxc4 Qb5 34. Qxb5 axb5 35. Be2 c4 36. f4 f6 37. Kg2 Kf7 38. Nc3 exf4 39.
Nxb5 Be5 40. Bxc4+ Kg7 41. Bxe5 fxe5 42. gxf4 Rxf4 43.
Bd5 Rf8 44. c4 Rc8 45. Nd6 Rc7 46. Ne8+ Kh6 47. Nxc7 Kg5 48. Kg3 h5 49. h4+ Kf6 50.
Ne8+ Ke7 51. Ng7 Kf6 52. Nxh5+ gxh5 53. c5 Ke7 54. c6 Kd6 55. Kf3 Kc7 56. Ke3 Kd6 57. Kd3 Kc7 58. Kc4 Kd6 59. Kb5 Kc7 60. Kc5 Kc8 61. Kd6 Kd8 62. Kxe5 Kc7 63. Kf5 1-0

[Event "Late-Titled-Tuesday-Blitz-October-10-2023"]
[Site "Chess.com"]
[Date "2023.10.10"]
[Round "1"]
[White "chosenpr"]
[Black "Maksimus1998"]
[Result "0-1"]
[WhiteElo "2252"]
[BlackElo "2604"]
[TimeControl "180+1"]
[EndTime "14:07:47 PDT"]
[Termination "Maksimus1998 won by checkmate"]

1. e4 c5 2. Nf3 a6 3. d4 cxd4 4. Nxd4 Nf6 5. Nc3 e5 6. Nf3 Nc6 7. Bg5 Bb4 8. Bd3 h6 9. Bxf6 Qxf6 10. O-O Bxc3 11. bxc3 O-O 12. Re1 d6 13. h3 Be6 14.
Nh2 Rac8 15. Ng4 Qe7 16. Ne3 Na5 17. Rb1 Rc7 18. Qd2 Rfc8 19. Rb6 Rxc3 20. Nd1 R3c5 21.
Re3 Qc7 22. Rb1 Nc4 23. Bxc4 Rxc4 24. Rg3 Kf8 25. Ne3 Rxe4 26. Qd3 Qc6 27. a4 d5 28. f3 Rxa4 29. Qh7 g6 30. Qxh6+ Kg8 31. Ng4 Bxg4 32. hxg4 Qf6 33. Rh3 Qg7 34. Qd2 Rd4 35. Qa5 Qf6 36. Rxb7 Rd1+ 37. Kh2 Qf4+ 38. Rg3 d4 39.
Qxa6 Rf8 40. Qc6 Qc1 41. Rh3 Rh1+ 42. Kg3 Qe1# 0-1

[Event "Late-Titled-Tuesday-Blitz-October-10-2023"]
[Site "Chess.com"]
[Date "2023.10.10"]
[Round "1"]
[White "ural58"]
[Black "Denis_Makhnyov"]
[Result "1-0"]
[WhiteElo "2507"]
[BlackElo "2909"]
[TimeControl "180+1"]
[EndTime "14:07:48 PDT"]
[Termination "ural58 won on time"]

1. e4 e5 2. Nf3 Nc6 3. Bc4 Bc5 4. b4 Bxb4 5. c3 Be7 6. d4 Na5 7. Be2 d6 8. dxe5 dxe5 9. Qxd8+ Bxd8 10. Nxe5 Nf6 11.
f3 O-O 12. Kf2 Re8 13. Nc4 Nxc4 14. Bxc4 c6 15. a4 Bb6+ 16. Be3 Rxe4 17. Bxf7+ Kxf7 18. Bxb6 Ng4+ 19. Kg3 Re2 20. Bd4 Ne3 21. Bxe3 Rxe3 22.
Rc1 Re2 23. Na3 Be6 24. Rc2 Re5 25. Rb2 b6 26. Rb4 Rc5 27. Rf4+ Kg8 28. c4 Re5 29. Nc2 Rd8 30. Nd4 Bd7 31. a5 Rxa5 32. Rxa5 bxa5 33. Nb3 a4 34. Nc5 a3 35. Rd4 a2 36.
Rd1 Be8 37. Ra1 Rd2 38. Nb3 Rb2 39. Nd4 Bf7 40. Nxc6 Bxc4 41. Ne5 Be6 42. Rd1 h6 43. h4 Rb1 44. Rd8+ Kh7 45. h5 1-0

[Event "Late-Titled-Tuesday-Blitz-October-10-2023"]
[Site "Chess.com"]
[Date "2023.10.10"]
[Round "1"]
[White "Alexander_Donchenko"]
[Black "maximnovik"]
[Result "1-0"]
[WhiteElo "2862"]
[BlackElo "2449"]
[TimeControl "180+1"]
[EndTime "14:07:48 PDT"]
[Termination "Alexander_Donchenko won by resignation"]

1. d4 Nf6 2. c4 g6 3. Nc3 d5 4. Nf3 Bg7 5. Qb3 dxc4 6. Qxc4 O-O 7. e4 Nfd7 8. Be2 Nb6 9. Qb3 Bg4 10. Be3 Nc6 11. d5 Bxf3 12. gxf3 Nd4 13. Qd1 Nxe2 14. Qxe2 c6 15. dxc6 bxc6 16. h4 Qd7 17. h5 Rfd8 18. hxg6 hxg6 19. Bh6 Bh8 20. Rc1 Qe6 21. b3 Rd7 22. Kf1 Rad8 23. Kg2 Rd3 24. Rhd1 Rxd1 25. Rxd1 Rxd1 26. Nxd1 Nd7 27. Be3 c5 28. Qd3 Bf6 29. Bf4 Bd4 30. Ne3 Ne5 31. Bxe5 Qxe5 32. Kf1 Kg7 33.
Ke2 e6 34. Nc2 f5 35. Na3 Qf4 36. Nc4 Qc1 37. Qd2 Qb1 38. exf5 exf5 39. Ne3 Kh7 40. Qc2 Qa1 41. Nd5 Qg1 42. Ne3 Qa1 43. a4 a6 44.
Kd3 Qh1 45. Qd1 Qh2 46. Qe2 Qb8 47. Kc2 Qe5 48. Qxa6 Bxe3 49. fxe3 Qxe3 50. Qd3 Qf2+ 51. Kc3 Qe1+ 52. Kc4 Qb4+ 53. Kd5 Kh6 54. Qc4 Qb7+ 55. Kxc5 Qxf3 56. a5 f4 57. a6 Qe3+ 58. Qd4 Qe7+ 59. Kb5 Qe8+ 60. Ka5 Qe6 61. Qxf4+ g5 62. Qc4 Qd7 63.
Qb5 Qd2+ 64. b4 g4 65. a7 Qa2+ 66. Kb6 g3 67. Qc6+ Kg5 68. a8=Q Qf2+ 69. Qc5+ Qxc5+ 70. Kxc5 1-0

[Event "Late-Titled-Tuesday-Blitz-October-10-2023"]
[Site "Chess.com"]
[Date "2023.10.10"]
[Round "1"]
[White "JG-17"]
[Black "rasmussvane"]
[Result "0-1"]
[WhiteElo "2504"]
[BlackElo "2997"]
[TimeControl "180+1"]
[EndTime "14:07:50 PDT"]
[Termination "rasmussvane won by resignation"]

1. Nf3 d5 2. b3 Bf5 3. Bb2 h6 4. g3 e6 5. Bg2 Nf6 6. O-O Be7 7. d3 O-O 8. Nbd2 Bh7 9. Re1 c5 10. e4 Nc6 11. Ne5 Nxe5 12. Bxe5 dxe4 13. Nxe4 Nxe4 14. dxe4 Qxd1 15. Raxd1 Rfd8 16. Bc7 Rxd1 17. Rxd1 Kf8 18. c4 Rc8 19. Bd6 Bxd6 20. Rxd6 Ke7 21. Rd2 a6 22. a4 Rd8 23. Rxd8 Kxd8 24. Kf1 Kc7 25. Ke2 e5 26. f4 Kd6 27. h3 f6 28. f5 Bg8 29.
Kd3 Bf7 30. g4 Kc6 31. Bf3 Kb6 32. Kc3 Ka5 33. Be2 Be8 34. h4 Bc6 35. Bd3 Bd7 36. Be2 Be8 37. h5 Bd7 38. Bf1 Be8 39.
Be2 Bc6 40. Bd3 Bd7 41. Be2 b5 42. axb5 axb5 43. Bf1 Bc6 44. Bd3 Kb6 45. Kc2 bxc4 46. bxc4 Ka5 47. Kb3 Ba4+ 48. Ka3 Bd1 49. Bf1 Bxg4 50.
Bd3 Bxh5 51. Bc2 Bf3 52. Ba4 h5 0-1

[Event "Late-Titled-Tuesday-Blitz-October-10-2023"]
[Site "Chess.com"]
[Date "2023.10.10"]
[Round "1"]
[White "orestn"]
[Black "grzechu96"]
[Result "1-0"]
[WhiteElo "2389"]
[BlackElo "2678"]
[TimeControl "180+1"]
[EndTime "14:07:50 PDT"]
[Termination "orestn won by resignation"]

1. e4 c5 2. Nf3 e6 3. c3 Nf6 4. e5 Nd5 5. d4 cxd4 6. cxd4 d6 7. a3 Nc6 8. Bd2 Qc7 9. Nc3 dxe5 10. Nxd5 exd5 11.
dxe5 Nxe5 12. Bb5+ Bd7 13. Bxd7+ Nxd7 14. O-O Be7 15. Bc3 O-O 16. Qxd5 Bf6 17. Rac1 Nb6 18. Qf5 Bxc3 19. Rxc3 Qd6 20. Rd3 Qg6 21. Qxg6 hxg6 22.
Rc3 Rfc8 23. Rfc1 Kf8 24. Kf1 Ke7 25. Ke2 Rxc3 26. Rxc3 Nd5 27. Rc5 Kd6 28. Rc4 f6 29. g3 b5 30. Rc2 a6 31. h4 Re8+ 32. Kf1 Re4 33. Rc8 Nb6 34. Rg8 Re7 35. b3 Kd5 36.
Rd8+ Kc5 37. Rd2 a5 38. Rc2+ Kd5 39. Rd2+ Kc5 40. Rc2+ Kd6 41. Nd4 b4 42. axb4 axb4 43. Rc6+ Kd5 44. Rxb6 Kxd4 45. Rxb4+ Kc3 46. Rb8 Kd4 47. Kg2 Kd5 48. b4 Kc6 49. Kf3 Kc7 50. Rb5 Kc6 51. Rc5+ Kb6 52. Rc4 Kb5 53. Rg4 Ka4 54.
Rxg6 Kxb4 55. h5 Kc5 56. h6 gxh6 57. Rxf6 Rh7 58. Kg4 Kd5 59. Kh5 Ke4 60. Rxh6 Rf7 61. f4 Kf3 62. Rg6 Rh7+ 63. Kg5 Kxg3 64. f5 Kf3 65. f6 Ke4 66. Rg7 Rh1 67. f7 Rf1 68.
Kg6 Ke5 69. Kh7 Ke6 70. Kg8 Ke7 71. f8=Q+ 1-0

[Event "Late-Titled-Tuesday-Blitz-October-10-2023"]
[Site "Chess.com"]
[Date "2023.10.10"]
[Round "1"]
[White "karwowskikacper"]
[Black "MikeSailer"]
[Result "0-1"]
[WhiteElo "2534"]
[BlackElo "2169"]
[TimeControl "180+1"]
[EndTime "14:07:51 PDT"]
[Termination "MikeSailer won by checkmate"]

1. e4 d5 2. exd5 Qxd5 3. Nc3 Qd6 4. g3 c6 5. Bg2 Nf6 6. Nge2 Bf5 7.
O-O e6 8. d3 Qc7 9. a4 a5 10. Bf4 Bd6 11. Qd2 O-O 12. Rfe1 h6 13. Bxd6 Qxd6 14. Qe3 Nbd7 15. Ne4 Qc7 16. N2c3 Nd5 17.
Nxd5 cxd5 18. Nc3 Rfc8 19. Rac1 Qc5 20. d4 Qc4 21. Bf1 Qb4 22. Bb5 Nf6 23. Bd3 Bxd3 24. cxd3 Qxb2 25. Nb5 Rxc1 26. Qxc1 Qb4 27. Qa1 Rc8 28. Rc1 Rxc1+ 29. Qxc1 Qxa4 30. Qc8+ Kh7 31. Nd6 Qd1+ 32. Kg2 Qxd3 33. Nxf7 Qe4+ 34. Kf1 Qxd4 35. Qxe6 Qe4 36. Ne5 d4 37. Qd6 Nd5 38. Nd7 d3 39.
Nf8+ Kg8 40. Ng6 Qh1# 0-1

[Event "Late-Titled-Tuesday-Blitz-October-10-2023"]
[Site "Chess.com"]
[Date "2023.10.10"]
[Round "1"]
[White "temus_galaktionov"]
[Black "Langua_Chess"]
[Result "0-1"]
[WhiteElo "2878"]
[BlackElo "2484"]
[TimeControl "180+1"]
[EndTime "14:07:53 PDT"]
[Termination "Langua_Chess won by resignation"]

1. d4 d5 2. Nf3 c5 3. c4 cxd4 4.
cxd5 Nf6 5. Qxd4 Qxd5 6. Nc3 Qxd4 7. Nxd4 a6 8. Nf3 Nc6 9. Bf4 Bf5 10. e3 e6 11. a3 Nh5 12. Bc7 Rc8 13. Bb6 Nf6 14. Nh4 Bc2 15. Rc1 Bb3 16. e4 Be7 17. Nf3 O-O 18.
Bd3 Nd7 19. Be3 Nde5 20. Be2 Nxf3+ 21. gxf3 Ne5 22. f4 Nc4 23. Bxc4 Rxc4 24. f3 Rfc8 25. Ke2 b5 26. Kd3 R4c7 27. Bd4 Rd7 28. Ke3 Rcd8 29. Bb6 Rd3+ 30. Ke2 Rd2+ 31. Ke1 R8d3 32. Nd5 exd5 33. Rc8+ Bf8 34. Bc5 h5 35. Rxf8+ Kh7 36.
Rg1 Rd1+ 37. Kf2 R3d2+ 38. Kg3 Rxg1+ 39. Bxg1 dxe4 40. fxe4 Rxb2 41. Rxf7 Bxf7 42. Bc5 Rb3+ 43.
Kh4 Bc4 44. Kg5 Rh3 45. f5 Rxh2 46. e5 Rg2+ 47. Kxh5 Be2+ 48. Kh4 Rg4+ 49. Kh3 Rf4 50. e6 Rxf5 51. e7 Re5 52. Kg3 Bh5 53. Bd6 Re6 54.
Bb4 Be8 55. Kf4 g6 56. Kg5 Kg8 57. Kf4 Kf7 58. Kg4 Rxe7 59. Kf4 Re6 60. Kg3 Bd7 61.
Kf4 Bc6 62. Kg5 Bd5 63. Kf4 Rc6 64. Ke5 Be6 65. Kf4 Rc4+ 66. Ke5 Rxb4 67. axb4 Ke7 68.
Kf4 Kf6 69. Ke4 g5 70. Kf3 Kf5 71. Kg3 Ke5 72. Kf3 Kd5 73. Ke3 Kc4 74. Ke4 Kxb4 75. Ke5 a5 76. Kf6 g4 77. Kxe6 g3 78. Kd5 g2 79. Kd4 g1=Q+ 80. Ke5 Qd1 81. Ke6 a4 82. Ke7 a3 83. Ke8 a2 0-1

[Event "Late-Titled-Tuesday-Blitz-October-10-2023"]
[Site "Chess.com"]
[Date "2023.10.10"]
[Round "1"]
[White "Jarming"]
[Black "Inepton_Fermion"]
[Result "1-0"]
[WhiteElo "2775"]
[BlackElo "2419"]
[TimeControl "180+1"]
[EndTime "14:07:53 PDT"]
[Termination "Jarming won by checkmate"]

1. d4 Nf6 2. c4 e6 3. Nc3 Bb4 4. Qc2 d5 5. cxd5 exd5 6. Bg5 O-O 7. e3 h6 8. Bh4 c6 9. Bd3 Re8 10. Ne2 Nbd7 11. O-O Be7 12. f3 Nh5 13. Bf2 Nhf6 14. h3 c5 15. dxc5 Nxc5 16. Bb5 Bd7 17. Bxd7 Qxd7 18. Rad1 Rac8 19. e4 Na6 20. Nf4 Qc7 21. Nfxd5 Nxd5 22. exd5 Red8 23. Qa4 Bf6 24. d6 Qc6 25. d7 Rc7 26. Qxc6 bxc6 27. Rd2 Rdxd7 28. Rc2 Nb4 29. Re2 Nd3 30. Bg3 Rb7 31. Ne4 Bxb2 32. Kh2 Rd5 33. Rc2 Rb6 34. Rb1 c5 35. a4 Bd4 36.
Rd1 Nb2 37. Rdc1 Nxa4 38. Rc4 Rb4 39. R4c2 a5 40. Nd6 Rb2 41. Nc4 Rxc2 42. Rxc2 Rd7 43. Nxa5 Nb6 44. Nc6 Nd5 45. Rd2 g6 46. Nxd4 cxd4 47.
Rxd4 Nf6 48. Ra4 h5 49. Be5 Nh7 50. Ra8+ Nf8 51. Bb2 f6 52. Bxf6 Rf7 53. Bc3 Kh7 54. h4 Ne6 55. Rh8# 1-0

[Event "Late-Titled-Tuesday-Blitz-October-10-2023"]
[Site "Chess.com"]
[Date "2023.10.10"]
[Round "1"]
[White "Zapateado"]
[Black "hellokostya"]
[Result "1/2-1/2"]
[WhiteElo "2347"]
[BlackElo "2646"]
[TimeControl "180+1"]
[EndTime "14:07:54 PDT"]
[Termination "Game drawn by stalemate"]

1. c4 g6 2. Nc3 Bg7 3. g3 c5 4. Bg2 Nc6 5. e4 e6 6. Nge2 Nge7 7. O-O d6 8. d3 O-O 9. Be3 Nd4 10. a3 b6 11. Rb1 Bb7 12. b4 Qd7 13. f4 Kh8 14. Bf2 Nec6 15. b5 Nxe2+ 16. Nxe2 Nd4 17. Nxd4 cxd4 18.
a4 f5 19. a5 bxa5 20. Qd2 e5 21. Ra1 fxe4 22. dxe4 Bh6 23. Rxa5 Qc7 24. Qa2 exf4 25. Bxd4+ Bg7 26. Bxg7+ Qxg7 27. gxf4 Qd4+ 28. Kh1 Bxe4 29.
Qa1 Bxg2+ 30. Kxg2 Qg7 31. Qxg7+ Kxg7 32. Kg3 Rfc8 33. Rd1 Rxc4 34. Rxd6 Rc7 35. b6 Rb7 36. bxa7 Raxa7 37. Rxa7 Rxa7 38. Rd3 Re7 39. Rf3 Kf6 40. h4 Kf5 41. Ra3 Re6 42. Ra5+ Kf6 43. Ra3 h5 44. Ra5 Rd6 45. Ra3 Rd5 46. Rb3 Kf5 47. Ra3 Rc5 48. Re3 Ra5 49. Rb3 Kf6 50. Rb6+ Kf5 51. Rb3 Rc5 52. Rd3 Rc1 53. Rd5+ Ke6 54. Ra5 Rg1+ 55. Kf2 Rg4 56. Kf3 Rxh4 57. Ra6+ Kf7 58. Ra7+ Kf6 59. Ra6+ Kg7 60. Ra7+ Kh6 61. Ra6 Rh3+ 62.
Kg2 Rh4 63. f5 Rg4+ 64. Kh3 Kh7 65. Rxg6 Rxg6 66. fxg6+ Kxg6 67. Kh4 Kh6 68. Kh3 Kg5 69. Kg3 h4+ 70. Kh3 Kh5 71. Kh2 Kg4 72. Kg2 h3+ 73. Kh2 Kh4 74. Kh1 Kg3 75. Kg1 h2+ 76. Kh1 Kh3 1/2-1/2